Map: Rhoskallian EE

Players

giantbighuge

  • Race: Zerg Zerg
  • League: Silver
  • Spawn Location: 6:00

Dumas

  • Race: Protoss Protoss
  • Spawn Location: 5:00

MrFercho - Winner!

  • Race: Zerg Zerg
  • League: Silver
  • Spawn Location: 11:00

TATORREA - Winner!

  • Race: Protoss Protoss
  • League: Gold
  • Spawn Location: 12:00

VOD

Have the link to the VOD?

Description

Time

  • Played on: July 17, 2020, 10:11 p.m.
  • Length: 12:45
Show
View Real Time Build Order
Export as new Build Order

giantbighuge Zerg 

Build Orders: Hatch First, Swarm Host 

Get SALT Encoding   

  12  0:02  Drone  
  13  0:37  Extractor  
  13  0:40  Drone x2  
  13  0:41  Extractor, Drone  
  14  0:52  Overlord  
  14  1:11  Drone  
  15  1:13  Drone  
  16  1:29  Hatchery  
  16  1:32  Drone  
  16  1:44  Pneumatized Carapace  
  16  2:04  Spawning Pool  
  15  2:09  Drone x2  
  17  2:15  Drone  
  18  2:24  Drone  
  19  2:43  Drone x3  
  22  3:08  Metabolic Boost  
  22  3:10  Queen x2  
  26  3:29  Zergling x2  
  26  3:30  Zergling x2  
  26  3:31  Overlord  
  26  3:32  Overlord x3  
  28  3:58  Lair  
  28  4:12  Roach Warren  
  28  4:15  Hatchery  
  28  4:16  Baneling Nest  
  24  4:51  Drone x3  
  26  5:05  Drone x2  
  28  5:13  Roach  
  28  5:14  Roach x6  
  38  5:15  Roach x3  
  48  5:30  Drone x2  
  48  5:31  Drone x2  
  48  5:32  Queen  
  48  5:33  Queen  
  56  5:36  Queen  
  56  5:42  Roach  
  60  5:53  Drone x5  
  60  5:54  Drone  
  66  6:05  Overlord  
  66  6:06  Overlord  
  66  6:18  Nydus Network  
  65  6:30  Roach x5  
  75  6:48  Infestation Pit  
  74  7:00  Nydus Canal  
  74  7:05  Roach  
  76  7:14  Queen  
  78  7:16  Queen  
  80  7:40  Roach  
  80  7:42  Overlord x6  
  80  7:43  Overlord x3  
  70  8:10  Drone x2  
  72  8:13  Extractor x2  
  72  8:19  Roach x5  
  84  8:20  Roach x2  
  84  8:28  Roach  
  84  8:34  Extractor  
  85  8:36  Swarm Host x2  
  85  8:37  Hatchery  
  49  9:27  Nydus Canal  
  49  9:29  Swarm Host  
  49  9:30  Swarm Host x3  
  61  9:56  Zergling x2  
  61  9:57  Zergling x16  
  61  9:58  Zergling x8  
  74  10:08  Spore Crawler  
  74  10:09  Spore Crawler  
  74  10:12  Spore Crawler  
  71  10:18  Spore Crawler  
  71  10:20  Spore Crawler  
  69  10:21  Spore Crawler  
  69  10:53  Spine Crawler  
  68  11:03  Drone x6, Spine Crawler  
  68  11:04  Spine Crawler, Drone x6  
  78  11:05  Spine Crawler  
  77  11:30  Swarm Host x3  
  77  11:31  Swarm Host  
  89  11:44  Swarm Host x2  
Show
View Real Time Build Order
Export as new Build Order

Dumas Protoss 

Build Orders: 1 Gate Expand, Blink Stalkers 

Get SALT Encoding   

  12  0:01  Probe  
  13  0:15  Pylon  
  13  0:19  Probe  
  14  0:31  Probe  
  15  0:42  Gateway  
  15  0:43  Probe  
  15  0:47  Assimilator  
  16  0:55  Probe  
  17  1:12  Probe  
  18  1:32  Nexus  
  18  1:41  Probe  
  18  1:45  Cybernetics Core  
  19  1:56  Probe  
  20  2:03  Assimilator  
  20  2:08  Probe  
  21  2:14  Warp Gate  
  21  2:20  Probe  
  22  2:32  Probe  
  23  2:44  Probe  
  23  2:45  Gateway  
  23  2:46  Gateway  
  23  2:50  Gateway  
  24  2:53  Twilight Council  
  24  2:55  Probe  
  25  3:06  Gateway  
  25  3:12  Probe  
  26  3:13  Probe, Blink  
  27  3:27  Probe x2  
  29  3:41  Pylon  
  29  3:44  Probe  
  30  3:50  Assimilator  
  30  3:52  Probe  
  30  3:54  Pylon, Probe  
  32  4:03  Stalker  
  32  4:05  Stalker  
  32  4:06  Probe  
  37  4:10  Stalker  
  39  4:17  Stalker  
  39  4:24  Robotics Facility  
  41  4:28  Stalker  
  43  4:35  Pylon  
  43  4:45  Stalker x3  
  49  5:00  Stalker x2  
  49  5:04  Pylon  
  48  5:26  Stalker x4  
  48  5:53  Pylon  
  48  5:56  Pylon  
  48  5:58  Pylon  
  48  6:00  Pylon  
  48  6:02  Gateway x2  
  48  6:11  Probe x2  
  50  6:23  Forge x2, Probe x2  
  52  6:26  Forge  
  52  6:35  Probe x2  
  54  6:41  Stalker x2  
  54  6:44  Stalker  
  60  6:47  Probe  
  60  6:48  Probe  
  60  6:49  Stalker  
  64  6:55  Stalker  
  64  6:57  Protoss Ground Armor Level 1, Pylon, Protoss Ground Weapons Level 1  
  64  7:01  Probe x2, Protoss Shields Level 1  
  68  7:19  Assimilator  
  68  7:20  Probe x2  
  70  7:25  Stalker  
  72  7:32  Probe  
  73  7:39  Nexus  
  73  7:43  Pylon  
  73  8:06  Robotics Facility  
  73  8:08  Robotics Facility  
  73  8:10  Pylon  
  73  8:12  Probe x2  
  75  8:16  Pylon  
  75  8:18  Stalker x2  
  75  8:19  Stalker  
  81  8:24  Probe  
  81  8:25  Probe  
  83  8:30  Robotics Facility  
  83  8:32  Robotics Facility  
  83  8:36  Probe  
  83  8:37  Probe  
  85  8:42  Photon Cannon  
  75  9:25  Stalker x7  
  75  9:30  Immortal  
  75  9:31  Immortal  
  79  9:34  Immortal  
  79  9:39  Protoss Ground Weapons Level 2  
  91  9:48  Probe x3  
  94  9:54  Assimilator  
  94  9:56  Charge  
  94  9:59  Assimilator  
  94  10:00  Probe x3  
  94  10:03  Pylon  
  94  10:05  Pylon  
  97  10:09  Zealot x3  
  97  10:10  Zealot x2  
  97  10:12  Probe x3  
  110  10:23  Shield Battery  
  110  10:24  Probe, Observer  
  110  10:26  Observer  
  113  10:33  Probe  
  113  10:36  Probe  
  113  10:37  Probe  
  113  10:41  Probe  
  116  10:46  Robotics Bay  
  116  10:47  Pylon  
  116  10:48  Zealot  
  116  10:49  Probe x2, Zealot x2  
  125  10:51  Pylon  
  125  10:53  Pylon  
  125  11:08  Immortal  
  125  11:15  Immortal  
  125  11:18  Nexus  
  133  11:32  Pylon  
  133  11:36  Pylon  
  133  11:40  Assimilator  
  133  11:45  Assimilator  
  133  11:49  Pylon  
  133  11:50  Zealot x2  
  133  11:51  Pylon  
  133  11:52  Stalker x2  
Show
View Real Time Build Order
Export as new Build Order

MrFercho Zerg - Winner!

Build Orders: Hatch First 

Get SALT Encoding   

  12  0:01  Drone  
  13  0:13  Overlord  
  13  0:21  Drone  
  14  0:32  Drone x2  
  16  0:54  Drone  
  17  0:57  Hatchery, Drone  
  17  1:02  Drone  
  18  1:08  Extractor  
  17  1:26  Spawning Pool, Drone x2  
  17  1:29  Drone  
  19  1:46  Drone  
  20  2:11  Overlord x2  
  20  2:12  Drone  
  20  2:13  Drone  
  22  2:20  Queen x2  
  22  2:21  Drone  
  27  2:26  Metabolic Boost  
  27  2:28  Drone  
  28  2:31  Drone  
  29  2:50  Drone x3  
  32  3:04  Zergling x2  
  32  3:05  Zergling x4  
  35  3:08  Drone  
  36  3:30  Hatchery  
  35  3:39  Queen  
  35  3:41  Zergling x14  
  38  3:45  Overlord x3  
  44  4:14  Hatchery, Drone  
  44  4:15  Drone x8  
  51  4:56  Zergling x18  
  51  4:57  Zergling x8  
  64  5:07  Zergling x2  
  63  5:27  Zergling x6  
  63  5:28  Zergling x12  
  68  5:41  Zergling x10  
  68  5:42  Zergling x2  
  74  5:47  Zergling x2  
  74  5:48  Zergling x2  
  76  6:00  Overlord x2  
  76  6:01  Overlord x2  
  76  6:12  Drone x2  
  76  6:13  Drone  
  79  6:25  Evolution Chamber  
  78  6:27  Evolution Chamber  
  78  6:28  Lair  
  78  6:30  Zergling x2  
  78  6:31  Zergling x14  
  85  6:41  Baneling Nest  
  85  6:42  Drone x4  
  85  6:43  Drone  
  89  6:52  Zerg Ground Armor Level 1  
  89  6:57  Zergling x24  
  101  7:08  Drone x8  
  108  7:45  Zergling x8  
  108  7:46  Zergling x4  
  108  7:47  Zergling x2  
  108  7:48  Zergling x4  
  105  7:57  Baneling  
  105  7:58  Baneling x19  
  98  8:00  Zergling x24  
  98  8:01  Zergling x4  
  112  8:11  Overlord x2  
  112  8:12  Overlord x2  
  112  8:35  Extractor  
  112  8:36  Extractor  
  112  8:40  Zergling x32  
  126  8:46  Zerg Melee Weapons Level 1  
  85  9:11  Zergling x20  
  80  9:25  Zergling x14  
  77  9:42  Zergling x8  
  81  9:56  Zergling x2  
  81  9:57  Zergling x14  
  89  10:00  Baneling x9  
  89  10:01  Baneling x3  
  89  10:15  Extractor  
  89  10:19  Hatchery  
  87  10:26  Infestation Pit  
  86  10:28  Hydralisk Den  
  85  10:36  Extractor  
  85  10:37  Drone x3  
  85  10:38  Extractor, Drone x2  
  85  10:39  Drone  
  85  10:40  Drone x2  
  85  10:41  Drone x2  
  93  10:43  Drone x2  
  93  10:44  Drone x6  
  101  11:04  Hive  
  101  11:13  Hydralisk  
  101  11:15  Zergling x38  
  101  11:16  Zergling x4  
  124  11:19  Muscular Augments  
  124  11:43  Overseer x4  
  124  11:46  Pneumatized Carapace  
  124  11:52  Drone  
  124  11:53  Drone x2  
  127  12:07  Extractor, Hatchery  
  125  12:12  Extractor  
Show
View Real Time Build Order
Export as new Build Order

TATORREA Protoss - Winner!

Build Orders: Chargelot Immortal 

Get SALT Encoding   

  12  0:01  Probe  
  13  0:13  Probe  
  14  0:24  Pylon  
  14  0:25  Probe  
  15  0:41  Probe  
  16  0:49  Probe  
  17  0:57  Gateway, Probe  
  18  1:09  Assimilator  
  18  1:11  Probe  
  18  1:18  Pylon  
  19  1:21  Pylon  
  19  1:23  Probe  
  20  1:35  Probe  
  21  1:47  Probe  
  21  1:50  Cybernetics Core  
  22  1:55  Assimilator  
  22  2:00  Probe  
  23  2:12  Pylon, Probe  
  23  2:14  Warp Gate  
  24  2:19  Gateway  
  24  2:23  Gateway  
  24  2:37  Stalker  
  26  2:46  Robotics Facility  
  26  2:48  Gateway  
  26  3:14  Nexus  
  26  3:27  Probe  
  27  3:35  Shield Battery  
  27  3:36  Shield Battery  
  27  3:39  Probe  
  28  3:50  Observer  
  29  3:57  Probe  
  30  4:07  Pylon  
  31  4:10  Probe  
  31  4:12  Immortal  
  35  4:17  Zealot  
  35  4:21  Sentry  
  39  4:25  Stalker  
  41  4:39  Zealot x2  
  43  4:58  Stalker x2  
  47  5:03  Probe x2  
  49  5:13  Shield Battery  
  45  5:15  Probe x2  
  45  5:16  Shield Battery  
  41  5:42  Stalker x4  
  49  5:49  Immortal  
  53  6:07  Probe x2  
  55  6:16  Immortal  
  55  6:21  Twilight Council  
  55  6:24  Pylon  
  55  6:26  Stalker  
  55  6:27  Stalker  
  63  6:34  Zealot  
  63  6:35  Zealot  
  67  6:43  Stargate  
  67  6:48  Immortal  
  67  6:54  Charge  
  71  7:03  Probe x2  
  71  7:07  Zealot  
  75  7:08  Zealot  
  75  7:14  Assimilator  
  75  7:15  Assimilator  
  77  7:25  Pylon  
  77  7:32  Pylon  
  77  7:38  Immortal  
  81  7:59  Zealot  
  81  8:00  Zealot x2  
  81  8:01  Zealot  
  81  8:04  Probe  
  81  8:05  Probe  
  91  8:17  Probe x2  
  93  8:20  Forge  
  93  8:21  Forge  
  93  8:23  Forge  
  93  8:28  Pylon  
  93  8:32  Pylon  
  93  8:55  Zealot x3  
  87  8:56  Zealot  
  87  8:57  Void Ray  
  97  9:14  Immortal  
  97  9:20  Zealot x4  
  101  9:40  Void Ray  
  105  9:46  Zealot x2  
  109  9:59  Probe  
  110  10:00  Pylon  
  110  10:01  Pylon  
  110  10:11  Pylon  
  110  10:14  Pylon  
  110  10:18  Probe x2  
  112  10:22  Void Ray  
  112  10:30  Probe  
  113  10:36  Immortal  
  117  10:45  Zealot x4  
  129  10:51  Void Ray  
  129  11:03  Immortal  
  137  11:24  Void Ray  
  137  11:36  Observer  
Tags
 
Add a new tag
Caveats
  • Supply blocks, unpowered buildings, or Contaminate may cause inaccurate times.
  • Supply counts are checked every 10 seconds.